 Dungeon Crawl Stone Soup version 0.13.0-7-g3df9ff1 (webtiles) character file.

314 MackTheKnife the Grave Robber (level 5, 0/35 HPs)
             Began as a Human Necromancer on Oct 16, 2013.
             Slain by Edmund
             ... wielding a +1,+2 dire flail of protection
              (10 damage)
             ... on Level 3 of the Dungeon.
             The game lasted 00:10:06 (4450 turns).

MackTheKnife the Grave Robber (Human Necromancer)   Turns: 4450, Time: 00:10:07

HP   0/35        AC  4     Str  8      XL: 5   Next: 82%
MP   3/10        EV 11     Int 15      God:
Gold 142         SH  0     Dex 15      Spells:  4 memorised,  3 levels left

Res.Fire  : . . .   See Invis. : .   u - +0 trident
Res.Cold  : . . .   Warding    : .   i - +0 elf leather armour
Life Prot.: + . .   Conserve   : .   (no shield)
Res.Poison: .       Res.Corr.  : .   (no helmet)
Res.Elec. : .       Clarity    : .   (no cloak)
Sust.Abil.: . .     Spirit.Shd : .   (no gloves)
Res.Mut.  : .       Stasis     : .   y - +0 pair of boots (curse)
Res.Rott. : .       Flight     : .   (no amulet)
Saprovore : . . .                    (no ring)
                                     p - ring of positive energy

@: regenerating, slightly resistant to hostile enchantments, fairly stealthy
A: no striking features
a: no special abilities


You were on level 3 of the Dungeon.
You were very hungry.

You visited 1 branch of the dungeon, and saw 4 of its levels.

You collected 122 gold pieces.

Inventory:

Hand weapons
 t - a +0,+0 war axe
 u - a +0,+0 trident (weapon)
 x - a +0,+1 elven anti-magic falchion
Armour
 i - a +0 elven leather armour (worn)
 y - a cursed +0 pair of boots (worn)
Comestibles
 a - a meat ration
 c - 2 bread rations
 n - 16 strawberries
 w - an apple
Scrolls
 d - a scroll of blinking {unknown}
 e - a scroll of magic mapping {unknown}
 f - a scroll of curse weapon {unknown}
 h - a scroll of fog {unknown}
 j - 4 scrolls of remove curse {unknown}
 k - 2 scrolls of enchant weapon I
 o - a scroll of enchant armour {unknown}
 r - 2 scrolls of random uselessness {unknown}
 s - 2 scrolls of identify
 v - a scroll of enchant weapon II {unknown}
 z - a scroll of noise {unknown}
Jewellery
 p - a ring of positive energy (left hand)
Potions
 g - 4 potions of curing {unknown}
 l - 6 potions of speed {unknown}
 m - 3 potions of heal wounds {unknown}
 q - 3 potions of poison {unknown}
Books
 b - a book of Necromancy

   Spells                             Type                      Level
   *Pain                              Necromancy                   1
   *Animate Skeleton                  Necromancy                   1
   *Lethal Infusion                   Charms/Necromancy            2
   Vampiric Draining                  Necromancy                   3
   *Regeneration                      Charms/Necromancy            3
   Animate Dead                       Necromancy                   4
   Control Undead                     Necromancy                   4


   Skills:
 + Level 0.6 Fighting
 - Level 2.0 Dodging
 - Level 2.0 Stealth
 - Level 3.0 Spellcasting
 + Level 1.8 Charms
 + Level 5.1 Necromancy


You had 3 spell levels left.
You knew the following spells:

 Your Spells              Type           Power        Failure   Level  Hunger
a - Pain                  Necr           ###.         2%          1    #......
b - Animate Skeleton      Necr           N/A          2%          1    #......
c - Regeneration          Chrm/Necr      ##........   17%         3    ###....
d - Lethal Infusion       Chrm/Necr      ##........   10%         2    ##.....


Dungeon Overview and Level Annotations

Branches:
Dungeon (4/27)
 Temple: D:4-7

Altars:
Elyvilon

Annotations:
D:3 Edmund


Message History

You barely miss Edmund.
Edmund is moderately wounded.
Edmund hits you with a glowing dire flail!
* * * LOW HITPOINT WARNING * * *
Your skin stops crawling.
Edmund hits you with a glowing dire flail.
* * * LOW HITPOINT WARNING * * *
You climb upwards.
There is a stone staircase leading down here.
Edmund closely misses you.
Your uncursed trident stops crackling.
A kobold comes into view. It is wielding an orcish short sword.
You are feeling very hungry.
Edmund asks, "Have you met my wondrous brother?"
Edmund clears his throat.
Casting: Pain
Confirm with . or Enter, or press ? or * to list all spells.
Your skin crawls.
Edmund hits you with a glowing dire flail!
You die...

######.#####.................#
.......###...#......#........#
...<....#...............#.##.#
........#...............#..#.#
######.......#......#...##.#.#
# #.(................##.#.# #
#.........#K.#..........# #
#...............#####.### #
#....##....@@.........#
######....##.#####.#########
....##.#....#K####.###
###.##.#####.###.....#
###.##.......###.#.#.#
....########.......#.# .##.#
#.###.###.# ....###### #.#
#.....# ..##.#.#.###.# #######


You could see Edmund and a kobold.

Vanquished Creatures
  3 gnolls (D:2)
  6 adders
  2 worms
  An ooze (D:1)
  5 orcs
  10 hobgoblins
  2 jackals (D:3)
  9 kobolds
  2 ball pythons (D:3)
  11 bats
  4 giant cockroaches
  2 giant newts
  6 goblins
  A kobold skeleton (D:3)
  13 rats
77 creatures vanquished.

Vanquished Creatures (collateral kills)
  A goblin (D:1)
  A bat (D:1)
  A rat (D:1)
3 creatures vanquished.

Vanquished Creatures (others)
  3 bat skeletons
  A goblin skeleton (D:2)
  2 hobgoblin skeletons
  3 kobold skeletons
9 creatures vanquished.

Grand Total: 89 creatures vanquished

Notes
Turn   | Place    | Note
--------------------------------------------------------------
     0 | D:1      | MackTheKnife, the Human Necromancer, began the quest for the Orb.
     0 | D:1      | Reached XP level 1. HP: 13/13 MP: 3/3
     2 | D:1      | Noticed a centaur
     2 | D:1      | Noticed a demonspawn
     4 | D:1      | Noticed a naga
     6 | D:1      | Noticed an elf
     6 | D:1      | Noticed a vampire
     8 | D:1      | Noticed an octopode
     8 | D:1      | Noticed a demigod
    10 | D:1      | Noticed an ogre
    10 | D:1      | Noticed a dwarf
    12 | D:1      | Noticed a ghoul
    14 | D:1      | Noticed a felid
    14 | D:1      | Noticed a minotaur
    16 | D:1      | Noticed a draconian
    18 | D:1      | Noticed a troll
    20 | D:1      | Noticed a merfolk
    20 | D:1      | Noticed a tengu
    22 | D:1      | Noticed a human
    22 | D:1      | Noticed a spriggan
    33 | D:1      | Learned a level 1 spell: Animate Skeleton
   473 | D:1      | Reached XP level 2. HP: 17/19 MP: 2/4
  1227 | D:2      | Found a white marble altar of Elyvilon.
  1233 | D:2      | Reached XP level 3. HP: 15/24 MP: 0/6
  1506 | D:2      | Learned a level 3 spell: Regeneration
  1655 | D:2      | Reached XP level 4. HP: 30/30 MP: 8/8
  2324 | D:2      | Learned a level 2 spell: Lethal Infusion
  2550 | D:2      | Reached skill level 5 in Necromancy
  2550 | D:2      | Reached XP level 5. HP: 32/35 MP: 6/10
  3134 | D:3      | Reached skill level 1 in Charms
  4416 | D:4      | Noticed Edmund
  4450 | D:3      | Slain by Edmund

Action                   |  1- 3 |  4- 6 || total
-------------------------+-------+-------++-------
Melee: Short sword       |    12 |       ||    12
       Mace              |    48 |    33 ||    81
       War axe           |       |    61 ||    61
       Trident           |       |    45 ||    45
 Cast: Pain              |    17 |    36 ||    53
       Animate Skeleton  |     5 |     5 ||    10
       Regeneration      |       |     7 ||     7
       Lethal Infusion   |       |     2 ||     2
  Use: Scroll            |     3 |       ||     3
 Stab: Sleeping          |     1 |     4 ||     5
